 Dungeon Crawl Stone Soup version 0.31-a0-435-g2c6fae2916 (webtiles) character file.

Game seed: 9716372875793840469

42 Flugkiller the Changeling (level 3, -2/20 HPs)
             Began as a Deep Elf Shapeshifter on Aug 1, 2023.
             Was a Follower of Makhleb.
             Slain by a gnoll
             ... wielding a +0 whip
              (5 damage)
             ... on level 2 of the Dungeon.
             The game lasted 00:01:21 (983 turns).

Flugkiller the Changeling (Deep Elf Shapeshifter)    Turns: 983, Time: 00:01:22

Health: -2/20      AC:  5    Str: 12    XL:     3   Next: 33%
Magic:  5/5        EV: 11    Int: 12    God:    Makhleb [*.....]
Gold:   56         SH:  0    Dex: 17    Spells: 2/2 levels left

rFire   . .          .
                       - Unarmed
rCold   . . .        (no shield)
rNeg    . . .        d - +0 ring mail {Will+}
rPois   .            (helmet currently unavailable)
rElec   .            (cloak currently unavailable)
rCorr   .            (gloves currently unavailable)
SInv    .            (boots currently unavailable)
Will    +....        (no amulet)
Stlth   +            (no ring)
HPRegen 0.23/turn    (no ring)
MPRegen 0.09/turn

%: no passive effects
@: brilliant, about to teleport, beast-form
A: beast (slay +2)
a: Begin Untransformation, Renounce Religion


You were on level 2 of the Dungeon.
You worshipped Makhleb.
Makhleb was aware of your devotion.
You were a hulking beast.
You visited 1 branch of the dungeon, and saw 2 of its levels.

You collected 56 gold pieces.

Inventory:

Armour
 d - a +0 ring mail of willpower (worn)
   (You found it on level 2 of the Dungeon)
Jewellery
 p - a ring of protection from cold
   (You found it on level 2 of the Dungeon)
Talismans
 c - a beast talisman (active)
Scrolls
 a - a scroll of revelation {unknown}
 b - a scroll of silence
 f - a scroll of poison
 r - a scroll of identify
Potions
 g - a potion of invisibility


   Skills:
 + Level 1.3 Fighting
 + Level 3.0 Dodging
 + Level 2.7 Unarmed Combat
 * Level 3.8 Shapeshifting


You had 2 spell levels left.
You didn't know any spells.
Your spell library was empty.

Dungeon Overview and Level Annotations

Branches:
Dungeon (2/15) Zot: 11017

Altars:
Makhleb


Message History

No target in view!
You see here 5 large rocks.
Found a stone staircase leading up and a stone staircase leading down.
No target in view!
No target in view!
No target in view!
No target in view!
You see here a +0 ring mail of willpower.
d - a +0 ring mail of willpower You start removing your armour.
You continue taking off your +0 animal skin. x4
You finish taking off your +0 animal skin.
You start putting on your armour.
You continue putting on your +0 ring mail of willpower. x5
You finish putting on your +0 ring mail of willpower.
You feel strong-willed.
You drop a +0 animal skin.
Found a robe.
You see here a +0 robe.
You enter the shallow water.
Moving in this stuff is going to be slow.
You open the door.
Found a robe.
There is an open door here.
You see here a +0 robe.
You open the door.
Found a stone staircase leading down.
An endoplasm comes into view.
There is an open door here.
You hit the endoplasm.
The endoplasm is lightly wounded.
The endoplasm misses you.
You barely miss the endoplasm.
The endoplasm is lightly wounded.
The endoplasm hits you.
You hit the endoplasm.
The endoplasm is moderately wounded.
The endoplasm hits you.
You hit the endoplasm.
The endoplasm is heavily wounded.
The endoplasm hits you but does no damage.
You hit the endoplasm.
You kill the endoplasm!
Makhleb accepts your kill.
No target in view!
Found an escape hatch in the ceiling.
Found 3 poisoned darts.
You see here 3 poisoned darts.
You now have 56 gold pieces (gained 9).
There is a stone staircase leading up here.
a - a scroll labelled MUAGRE CEISI No target in view!
No target in view!
No target in view!
No target in view!
No target in view!
No target in view!
p - a ring of protection from cold
e - a purple potion A gnoll comes into view.
It is wielding a +0 spear.
The gnoll shouts!
You hear a shout!
The gnoll hits you with a +0 spear!
A gnoll comes into view. It is wielding a +0 club.
You hit the gnoll.
The gnoll is lightly wounded.
The gnoll closely misses you.
An endoplasm comes into view.
You punch the gnoll!
The gnoll is severely wounded.
The gnoll closely misses you.
You closely miss the gnoll.
The gnoll is severely wounded.
The gnoll closely misses you.
A gnoll comes into view. It is wielding a +0 whip.
You closely miss the gnoll.
The gnoll is severely wounded.
The gnoll shouts!
The gnoll hits you but does no damage.
You closely miss the gnoll.
The gnoll is severely wounded.
The gnoll misses you.
You hit the gnoll.
You kill the gnoll!
Makhleb accepts your kill.
An adder comes into view.
Your Dodging skill increases to level 3!
The gnoll attacks as you move away! The gnoll barely misses you.
You hit the gnoll.
The gnoll is moderately wounded.
The gnoll barely misses you.
You hit the gnoll.
The gnoll is heavily wounded.
The gnoll hits you with a +0 whip!
It was a potion of brilliance.
You feel clever all of a sudden. The gnoll hits you with a +0 whip.
* * * LOW HITPOINT WARNING * * *
As you read the scroll of teleportation, it crumbles to dust.
You feel strangely unstable. The gnoll hits you with a +0 whip.
You die...

#####.#.###########
#.......
#................
#.######
#.###.#.#.#######
#.# #. #.#.#.<).#
#.# #. # #.####.#
#.# #. #.. #
#.#####. #######
#....... #.....#
######## #.###h#
#.# #g# # #.#
#g####..# #.#
#JS.JS..# #.#
#####...... #.#
..... #.### ####
#...# ###.#
##########


You could see 2 gnolls, an adder and an endoplasm.

Vanquished Creatures
  A gnoll (D:2)
  A ball python (D:1)
  2 bats
  2 endoplasms
  2 giant cockroaches (D:1)
  2 goblins
  A hobgoblin (D:1)
  8 jackals (D:1)
  A quokka (D:1)
  4 frilled lizards (D:1)
  A kobold (D:1)
  2 rats (D:1)
27 creatures vanquished.

Notes
Turn   | Place    | Note
-------+----------+-------------------------------------------
     0 | D:1      | Flugkiller the Deep Elf Shapeshifter began the quest for
                  | the Orb.
     0 | D:1      | Reached XP level 1. HP: 11/11 MP: 3/3
    54 | D:1      | Reached skill level 1 in Fighting
    56 | D:1      | Reached XP level 2. HP: 9/16 MP: 4/4
   262 | D:1      | Found a faded altar of an unknown god.
   285 | D:1      | Prayed at the altar of an unknown god.
   285 | D:1      | Became a worshipper of Makhleb the Destroyer
   285 | D:1      | Reached * piety under Makhleb
   662 | D:2      | Reached XP level 3. HP: 20/20 MP: 5/5
   983 | D:2      | Slain by a gnoll

Illustrated notes

Levels and vault maps discovered:
D:1:      dpeg_arrival_oval, layout_basic, shapermc_ecumenical_altar_notcrosses
D:2:      layout_basic, chequers_garden, serial_bayou_pond_c,
          uniq_crazy_yiuf_cottage

Skill      XL: |  1  2  3 |
---------------+----------+-----
Fighting       | 1 |  1.3
Dodging        | 3 |  3.0
Unarmed Combat | |  2.7
Shapeshifting  | |  3.8

Action                     || total
---------------------------++-------
  Melee: Unarmed           ||    77
         Punch             ||     1
    Use: Scroll            ||     5
         Potion            ||     2
   Stab: Sleeping          ||     3
 Armour: Animal skin       ||    14
         Skin              ||    16
         Ring mail         ||     2
  Dodge: Dodged            ||    46

Table legend: (Time is in decaauts)
 A = Elapsed time spent in this place.
 B = Non-inter-level travel time spent in this place.
 C = Inter-level travel time spent in this place.
 D = Time resting spent in this place.
 E = Time spent auto-exploring this place.
 F = Levels seen in this place.
 G = Mean time per level.
                   A        B        C        D        E       F      G
               +--------+--------+--------+--------+--------+-----+--------+
         Total |    981 |    946 |     35 |     97 |    650 |   2 |  490.5 |
       Dungeon |    981 |    946 |     35 |     97 |    650 |   2 |  490.5 |
               +--------+--------+--------+--------+--------+-----+--------+

Top non-repeatable levels by time:
     D:1: 652 daAuts
     D:2: 328 daAuts
